 Dungeon Sprint DCSS version 0.22-a0-259-gdd11e71 (webtiles) character file.

128 Ghella the Covert (level 4, -5/18 HPs)
             Began as a Spriggan Enchanter on Mar 5, 2018.
             Slain by a neqoxec (13 damage)
             ... in the Dungeon (Sprint II: "The Violet Keep of Menkaure").
             The game lasted 00:00:20 (21 turns).

Ghella the Covert (Spriggan Enchanter)                Turns: 21, Time: 00:00:21

Health: -5/18      AC:  2    Str:  5    XL:     4   Next: 86%
Magic:  7/13       EV: 20    Int: 16    God:
Gold:   0          SH:  0    Dex: 16    Spells: 11/12 levels left

rFire    . . .     SeeInvis +   a - +1 dagger
rCold    . . .     Gourm    .   (shield restricted)
rNeg     . . .     Faith    .   b - +0 robe
rPois    .         Spirit   .   (helmet restricted)
rElec    .         Reflect  .   (no cloak)
rCorr    .         Harm     .   (gloves unavailable)
MR       .....     NoTele   +   (boots unavailable)
Stlth    +++++.....             (no amulet)
HPRegen  0.06/turn              (no ring)
MPRegen  0.13/turn              (no ring)

@: berserk cooldown, slowed, quick
A: very small, unfitting armour, see invisible, deterioration 2, herbivore,
speed 3, frail 1, high mp 1, slow metabolism 2
a: no special abilities


You were in the Dungeon.
You were not hungry.

You visited 1 branch

Inventory:

Hand Weapons
 a - a +1 dagger (weapon)
Armour
 b - a +0 robe (worn)
Scrolls
 j - a scroll of blinking
Potions
 e - a potion of curing
 f - a potion of heal wounds
 g - a potion of haste
 h - 2 potions of magic
Comestibles
 d - a ration


   Skills:
 + Level 0.7 Fighting
 + Level 2.1 Short Blades
 + Level 4.6 Dodging
 * Level 10.8 Stealth
 + Level 4.9 Spellcasting
 + Level 7.3 Hexes


You had 11 spell levels left.
You knew the following spells:

 Your Spells              Type           Power        Failure   Level  Hunger
a - Corona                Hex            ####...      1%          1    None


Dungeon Overview and Level Annotations

Branches:
Dungeon (1/1)

Altars:


Innate Abilities, Weirdness & Mutations

You are very small and have problems with some larger weapons.
You are too small for most types of armour.
You have supernaturally acute eyesight. (SInv)
You are a herbivore.
You cover ground extremely quickly.
You need to consume almost no food.
Your body often deteriorates upon taking damage.
You are frail. (-10% HP)
You have an increased reservoir of magic. (+10% MP)


Message History

Your base attributes are Str 4, Int 16, Dex 16.
Increase (S)trength, (I)ntelligence, or (D)exterity?
You feel stronger.
You have reached level 4!
The neqoxec barely misses you. The neqoxec closely misses you.
The neqoxec barely misses you.
There is an open door here.
You closely miss the neqoxec.
You are no longer berserk.
You are exhausted.
You feel yourself slow down.
The crimson imp blinks!
The neqoxec gestures at you.
Strange energies course through your body.
You feel your body start to fall apart.
You hit the neqoxec.
The neqoxec is lightly wounded.
The neqoxec completely misses you. The neqoxec misses you.
The neqoxec hits you!
Ouch! That really hurt!
You die... ## ## ##. .## nn#nn

.$. ##
#+# #ยง#
##.##3#
+.<5@3#
##.##35#
#+# #5#
##


You could see 3 neqoxecs, a crimson imp and 2 shadow imps.

Vanquished Creatures
  A neqoxec (D)
1 creature vanquished.

Notes
Turn   | Place    | Note
-------+----------+-------------------------------------------
     0 | D        | Ghella the Spriggan Enchanter began the quest for the Orb.
     0 | D        | Reached XP level 1. HP: 9/9 MP: 5/5
     1 | D        | Noticed a necrophage
     1 | D        | Noticed a necrophage
     1 | D        | Noticed a necrophage
     1 | D        | Noticed a necrophage
     4 | D        | Noticed a neqoxec
     4 | D        | Noticed a neqoxec
     4 | D        | Noticed a neqoxec
     4 | D        | Noticed a neqoxec
     5 | D        | Gained mutation: You are frail. (-10% HP) [a neqoxec]
     6 | D        | Noticed a crimson imp
    11 | D        | Gained mutation: You have an increased reservoir of magic. (+10% MP) [a neqoxec]
    17 | D        | Gained mutation: Your body sometimes deteriorates upon taking damage. [a neqoxec]
    18 | D        | Killed a neqoxec
    18 | D        | Reached skill level 10 in Stealth
    18 | D        | Reached XP level 2. HP: 8/12 MP: 5/9
    18 | D        | Reached XP level 3. HP: 10/15 MP: 6/11
    18 | D        | Reached XP level 4. HP: 12/18 MP: 7/13
    20 | D        | Gained mutation: Your body often deteriorates upon taking damage. [a neqoxec]
    21 | D        | Slain by a neqoxec

Vault maps used:
D:        the_violet_keep_of_menkaure

Skill      XL: |  1 |
---------------+----+-----
Short Blades   | 2 |  2.1
Dodging        | 4 |  4.6
Stealth        | 10 | 10.8
Spellcasting   | 4 |  4.9
Hexes          | 7 |  7.3
Fighting       | |  0.7

Action                   |  1- 3 |  4- 6 || total
-------------------------+-------+-------++-------
Melee: Dagger            |    13 |     2 ||    15
  Use: Potion            |     1 |       ||     1
Dodge: Dodged            |     2 |     5 ||     7

Table legend:
 A = Spawn XP
 B = Non-spawn XP
 C = Spawn XP percentage of total XP
 D = Spawn monster count
 E = Non-spawn monster count
 F = Spawn count percentage of total count
 G = Total turns spent on level
                    A         B        C        D         E        F      G
               +---------+---------+-------+---------+---------+-------+---------
         Total |       0 |     183 |   0.0 |       0 |       1 |   0.0 |    21
               +---------+---------+-------+---------+---------+-------+---------
             D |       0 |     183 |   0.0 |       0 |       1 |   0.0 |    21
               +---------+---------+-------+---------+---------+-------+---------
